 Dungeon Crawl Stone Soup version 0.17-a0-1567-gdd419b1 (webtiles) character file.

168448 dorian the Imperceptible (level 17, -3/127 HPs)
             Began as a Vampire Enchanter on July 20, 2015.
             Was a High Priest of Dithmenos.
             Slain by a greater naga
             ... wielding a +0 spear
              (15 damage)
             ... on level 3 of the Snake Pit on July 22, 2015.
             The game lasted 02:39:39 (37936 turns).

dorian the Imperceptible (Vampire Enchanter)       Turns: 37936, Time: 02:39:39

Health: -3/127     AC: 14    Str:  7    XL:     17   Next: 33%
Magic:  27/28      EV: 19    Int: 32    God:    Dithmenos [*****.]
Gold:   2285       SH:  0    Dex: 12    Spells: 6 memorised, 18 levels left

rFire  . . .     SeeInvis +     Y - +4 rapier (freeze)
rCold  . . .     Clarity  +     X - +0 leather armour "Loaciv" {rElec Regen+}
rNeg   + . .     SustAt   .     (no shield)
rPois  +         Gourm    .     h - +0 helmet {Int+3}
rElec  +         Spirit   .     N - +0 cloak
rCorr  .         Warding  .     Z - +2 pair of gloves
rMut   .         Stasis   .     w - +0 pair of boots of the Orange Skies {rPois Int+6 Dex-4}
MR     +....                    r - amulet of clarity
Stlth  ++++++++++               f - +5 ring of evasion
                                B - +5 ring of protection

@: about to teleport, wreathed by umbra, constricted, somewhat resistant to
hostile enchantments, uncannily stealthy
A: fangs 3, see invisible, unbreathing
a: Bat Form, Shadow Step, Shadow Form, Renounce Religion


You were on level 3 of the Snake Pit.
You worshipped Dithmenos.
Dithmenos was extremely pleased with you.
You were not thirsty.

You visited 4 branches of the dungeon, and saw 30 of its levels.
You also visited: Ice Cave.

You collected 3473 gold pieces.
You spent 1188 gold pieces at shops.

Inventory:

Hand weapons
 u - a +0 blowgun
 Y - a +4 rapier of freezing (weapon)
Missiles
 S - 6 curare-tipped needles
Armour
 b - a mottled dragon hide
 h - a +0 helmet of intelligence (worn)
 w - the +0 pair of boots of the Orange Skies (worn) {rPois Int+6 Dex-4}
   (You found it on level 1 of the Snake Pit)

   It affects your intelligence (+6).
   It affects your dexterity (-4).
   It protects you from poison.
 E - a +1 leather armour of fire resistance
 M - the +2 leather armour of the Eternal Void {Slay+2}
   (You found it on level 5 of the Lair of Beasts)

   It affects your accuracy and damage with ranged weapons and melee attacks
   (+2).
 N - a +0 cloak (worn)
 X - the +0 leather armour "Loaciv" (worn) {rElec Regen+}
   (You found it on level 1 of the Lair of Beasts)

   It insulates you from electricity.
   It increases your rate of regeneration.
 Z - a +2 pair of gloves (worn)
Rods
 m - a +0 rod of the swarm (12/12)
   (You found it on level 8 of the Lair of Beasts)
Jewellery
 f - a +5 ring of evasion (right hand)
 p - an uncursed ring of sustain attributes
 r - an amulet of clarity (around neck)
 B - a +5 ring of protection (left hand)
 Q - an uncursed ring of ice
 R - an uncursed ring of protection from magic
Magical devices
 g - a wand of teleportation (5)
 D - a wand of paralysis (5)
 I - a wand of digging (1)
 K - a wand of cold (11)
 L - a wand of cold (8)
 W - a wand of magic darts (38)
Scrolls
 e - 9 scrolls of identify
 i - a scroll of summoning
 o - a scroll of amnesia
 t - 4 scrolls of teleportation
 z - 3 scrolls of fear
 H - a scroll of enchant armour
 J - 2 scrolls of fog
 T - 8 scrolls of remove curse
 U - 2 scrolls of magic mapping
Potions
 a - a potion of brilliance
 c - a potion of flight
 d - 10 potions of blood
 k - 2 potions of heal wounds
 l - a potion of agility
 n - 5 potions of might
 v - 5 potions of cancellation
 x - 2 potions of haste
 C - 13 potions of curing
 V - 3 potions of resistance
Books
 j - a book of Beasts

   Spells                             Type                      Level
   a - Summon Butterflies             Summoning                    1
   b - Call Canine Familiar           Summoning                    3
   c - Summon Ice Beast               Ice/Summoning                4
   d - Summon Mana Viper              Hexes/Summoning              5
   e - Summon Hydra                   Summoning                    7
 q - a book of Conjurations

   Spells                             Type                      Level
   a - Magic Dart                     Conjuration                  1
   b - Searing Ray                    Conjuration                  2
   c - Dazzling Spray                 Conjuration/Hexes            3
   d - Fulminant Prism                Conjuration/Hexes            4
   e - Iskenderun's Mystic Blast      Conjuration                  4
   f - Iskenderun's Battlesphere      Conjuration/Charms           5
Miscellaneous
 F - a sack of spiders
 G - an ornate deck of destruction


   Skills:
 + Level 9.6 Fighting
 - Level 14.1 Short Blades
 + Level 12.5 Dodging
 * Level 21.4 Stealth
 - Level 7.9 Spellcasting
 - Level 14.0 Hexes
 - Level 7.7 Charms
 + Level 5.2 Translocations
 - Level 5.0 Ice Magic
 - Level 6.5 Invocations


You had 18 spell levels left.
You knew the following spells:

 Your Spells              Type           Power        Failure   Level  Hunger
a - Corona                Hex            #######      0%          1    None
b - Ensorcelled Hibernat  Hex/Ice        ######       1%          2    None
c - Confuse               Hex            #######.     1%          3    None
d - Regeneration          Chrm/Necr      #####.....   4%          3    None
e - Shroud of Golubria    Chrm/Tloc      ######....   1%          2    None
f - Song of Slaying       Chrm           ######..     1%          2    None


Dungeon Overview and Level Annotations

Branches:
Dungeon (15/15)            Temple (0/1) D:4            Lair (8/8) D:11
 Shoals (0/4) Lair:4        Snake (3/4) Lair:5          Orc (4/4) D:9
    Elf (0/3) Orc:3        Vaults (0/5) D:14         Depths (0/5) D:15
  Slime: Lair:6-8

Altars:
Ashenzari
Cheibriados
Dithmenos
Gozag
Kikubaaqudgha
Makhleb
Nemelex Xobeh
Okawaru
Qazlal
Ru
Sif Muna
Trog
Xom
Yredelemnul
The Shining One
Beogh

Shops:
D:4 *   D:9 %   D:14 (!*%   Orc:1 [   Orc:4 ?}!*%

Annotations:
D:10 exclusion: 2 statues
Lair:4 exclusion: oklob plant
Lair:5 exclusion: oklob plant
Lair:7 exclusion: 2 oklob plants
Snake:3 Aizul, Jorgrun


Innate Abilities, Weirdness & Mutations

You have razor-sharp teeth.
You have supernaturally acute eyesight.
You can survive without breathing.


Message History

The greater naga hits you with a spear.
* * * LOW HITPOINT WARNING * * *
x2 The greater naga constricts you.
You barely miss the greater naga.
The greater naga is severely wounded.
The greater naga spits poison at you. The splash of poison misses you.
* * * LOW HITPOINT WARNING * * *
The greater naga constricts you.
You puncture the greater naga! You freeze the greater naga.
The greater naga is almost dead.
You hit the greater naga. You freeze the greater naga.
The greater naga is almost dead.
The greater naga hits you with a spear!
* * * LOW HITPOINT WARNING * * *
x2 The greater naga constricts you.
You closely miss the greater naga.
The greater naga is almost dead.
The greater naga hits you with a spear!
You die...

####.###.#...[........#.#
.........))##########.#.#
#####.##...##########.#.#
#..#..............#.#
##.#).#############.#
#..............# #.#
##...#########.# #.# ..
#...#####...#.# #.# ###.#
##........@.#.# #.# #<#.#
#..#####N#.#.###.### #.#.# #..#
#.#<..#.....# ##
#'#'####..#####.#.#.#.....♣♣≈##
..............#.#.#.####...P≈P##
..............#...#........≈≈≈≈#
.......N......#########...≈PP≈≈#
###.##...............##...≈≈≈≈P#
....##.#############.##...≈≈♣♣##


You could see a greater naga.

Vanquished Creatures
  Rupert (Snake:1)
  Kirke (Lair:5)
  3 greater nagas
  An orc warlord (Orc:3)
  Maud (Lair:7)
  The ghost of FooOfBar the Severer, a powerful DrFi of Cheibriados (Orc:3)
  2 dire elephants (Lair:8)
  An ogre mage (D:14)
  7 hydras
  Harold (D:10)
  6 naga warriors
  2 ice dragons (IceCv)
  Erolcha (D:8)
  2 catoblepae (Lair:6)
  5 centaur warriors
  3 anacondas
  Erica (D:8)
  2 tengu warriors (D:14)
  Urug (D:10)
  5 orc high priests (Orc:4)
  3 naga sharpshooters (Snake:2)
  2 death yaks
  Sonja (Orc:2)
  A deep elf knight (D:14)
  A salamander mystic (Snake:2)
  8 shock serpents
  A skeletal warrior (D:14)
  2 naga ritualists (Snake:3)
  An unseen horror (D:11)
  A wizard (Lair:8)
  2 orc sorcerers
  2 hill giants
  Pikel (D:5)
  A wolf spider zombie (D:14)
  A lindwurm (Lair:6)
  3 mana vipers
  5 ugly things
  9 orc knights
  5 salamanders
  6 griffons
  5 cyclopes
  10 elephants
  6 naga magi
  A torpor snail (Lair:7)
  3 manticores
  15 black mambas
  3 guardian serpents (Snake:3)
  An efreet (D:15)
  11 spiny frogs
  12 komodo dragons
  6 centaur skeletons
  4 kobold demonologists
  5 fire drakes
  A merfolk (shapeshifter) (D:15)
  2 trolls
  A polar bear (Lair:6)
  A harpy skeleton (D:15)
  Prince Ribbit (D:8)
  A boulder beetle (Lair:7)
  A queen bee (shapeshifter) (D:15)
  17 blink frogs
  3 slime creatures (D:15)
  A blink frog (shapeshifter) (D:15)
  A vampire (D:15)
  A human (D:9)
  5 two-headed ogres
  2 deep elf fighters (D:14)
  29 yaks
  A shadow (D:15)
  A wraith (D:11)
  A golden eye (shapeshifter) (D:15)
  A wyvern (D:11)
  5 hogs
  5 deep elf magi
  12 hippogriffs
  10 vampire mosquitoes
  5 basilisks
  22 wolves
  A yak (shapeshifter) (D:15)
  2 hungry ghosts
  2 steam dragons
  2 mottled dragons
  13 water moccasins
  27 nagas
  41 orc warriors
  2 soldier ants
  12 porcupines
  6 sky beasts
  A black bear (Lair:2)
  3 slaves
  A necrophage (D:8)
  A phantom (D:5)
  An eye of draining (D:14)
  2 wasps
  16 ice beasts
  18 centaurs
  14 crocodiles
  4 boggarts (D:15)
  17 ogres
  22 giant frogs
  A big kobold (D:14)
  A brain worm (D:14)
  2 wyvern skeletons
  A wyvern zombie (D:14)
  2 scorpions
  4 killer bees
  17 wights
  An electric eel (Lair:4)
  6 crimson imps
  32 orc priests
  4 centaur zombies
  4 hounds
  2 giant frog zombies
  17 jellies
  2 giant frog skeletons
  20 worker ants
  29 orc wizards
  18 iguanas
  24 sheep
  A worker ant zombie (D:8)
  14 adders
  47 river rats
  7 gnolls
  2 shadow imps
  12 white imps (D:11)
  11 oozes
  3 adder skeletons
  2 worms (D:1)
  2 giant geckos
  195 orcs
  17 bats
  2 bat skeletons
  A bat zombie (D:8)
  8 giant cockroaches
  24 hobgoblins
  28 jackals
  30 kobolds
  7 quokkas
  3 ball pythons (D:2)
  4 giant newts
  40 goblins
  10 rats
  A fungus (D:7)
1181 creatures vanquished.

Vanquished Creatures (collateral kills)
  A naga (Snake:2)
1 creature vanquished.

Vanquished Creatures (others)
  A vampire mosquito (D:13)
  37 fungi
  34 plants
  11 toadstools (Lair:4)
83 creatures vanquished.

Grand Total: 1265 creatures vanquished

Notes
Turn   | Place    | Note
--------------------------------------------------------------
     0 | D:1      | dorian the Vampire Enchanter began the quest for the Orb.
     0 | D:1      | Reached XP level 1. HP: 13/13 MP: 3/3
   381 | D:1      | Reached XP level 2. HP: 14/19 MP: 3/5
   681 | D:1      | Learned a level 2 spell: Ensorcelled Hibernation
   886 | D:1      | Reached skill level 5 in Stealth
  1258 | D:1      | Reached skill level 5 in Hexes
  1569 | D:1      | Reached XP level 3. HP: 22/24 MP: 6/6
  2288 | D:2      | Found a shattered altar of Ashenzari.
  2303 | D:2      | Reached XP level 4. HP: 21/30 MP: 7/7
  2396 | D:2      | Learned a level 3 spell: Confuse
  3466 | D:3      | Reached skill level 6 in Stealth
  3702 | D:3      | Reached skill level 1 in Ice Magic
  3702 | D:3      | Reached XP level 5. HP: 29/35 MP: 4/8
  4020 | D:3      | Found a sparkling altar of Nemelex Xobeh.
  4341 | D:4      | Found an iron altar of Okawaru.
  4341 | D:4      | Found a sacrificial altar of Ru.
  4341 | D:4      | Found a snail-covered altar of Cheibriados.
  4341 | D:4      | Found a stormy altar of Qazlal.
  4341 | D:4      | Found a shadowy altar of Dithmenos.
  4341 | D:4      | Found an opulent altar of Gozag.
  4341 | D:4      | Found a bloodstained altar of Trog.
  4341 | D:4      | Found a deep blue altar of Sif Muna.
  4353 | D:4      | Became a worshipper of Dithmenos the Shadowed
  4363 | D:4      | Found a staircase to the Ecumenical Temple.
  4435 | D:4      | Reached XP level 6. HP: 31/41 MP: 6/9
  4631 | D:4      | Reached skill level 7 in Stealth
  4657 | D:4      | Found Dymigeops's Assorted Antiques.
  4740 | D:4      | Found a glowing golden altar of the Shining One.
  4742 | D:4      | Noticed an angel
  4751 | D:4      | Found a basalt altar of Yredelemnul.
  4753 | D:4      | Noticed a profane servitor
  4938 | D:5      | Entered Level 5 of the Dungeon
  5067 | D:5      | Noticed Pikel
  5327 | D:5      | Killed Pikel
  5327 | D:5      | Reached skill level 8 in Stealth
  5327 | D:5      | Reached XP level 7. HP: 32/46 MP: 2/10
  5438 | D:5      | Reached XP level 8. HP: 52/52 MP: 7/11
  5476 | D:5      | Reached skill level 5 in Short Blades
  5488 | D:5      | Reached skill level 9 in Stealth
  6633 | D:6      | Reached skill level 10 in Stealth
  6741 | D:6      | Reached skill level 5 in Ice Magic
  7558 | D:6      | Reached XP level 9. HP: 57/57 MP: 10/12
  7667 | D:6      | Acquired Dithmenos's first power
  7974 | D:6      | Reached skill level 10 in Hexes
  8189 | D:7      | Got a twisted long sword
  8327 | D:7      | Identified the cursed +1 long sword "Ilieh" {freeze, MR++ Dex-2 SInv} (You found it on level 7 of the Dungeon)
  8517 | D:7      | Reached skill level 11 in Stealth
  9076 | D:7      | Found an ancient bone altar of Kikubaaqudgha.
  9337 | D:8      | Noticed Prince Ribbit
  9347 | D:8      | Killed Prince Ribbit
  9521 | D:8      | Noticed Erolcha
  9728 | D:7      | Acquired Dithmenos's second power
  9807 | D:8      | Noticed Erica
  9814 | D:8      | Killed Erica
  9814 | D:8      | Reached XP level 10. HP: 63/63 MP: 14/16
  9886 | D:8      | Reached skill level 12 in Stealth
  9961 | D:8      | Paralysed by a wasp for 3 turns
 10239 | D:8      | Reached skill level 5 in Spellcasting
 10261 | D:8      | Killed Erolcha
 10588 | D:8      | Acquired Dithmenos's third power
 10800 | D:9      | Found a burning altar of Makhleb.
 10808 | D:9      | Reached skill level 13 in Stealth
 10810 | D:10     | Entered Level 10 of the Dungeon
 10810 | D:10     | Noticed Harold
 10817 | D:10     | Killed Harold
 10962 | D:9      | Found a staircase to the Orcish Mines.
 10964 | D:9      | Found Ruostun's Food Boutique.
 11089 | D:9      | Found a shadowy altar of Dithmenos.
 11439 | D:9      | Reached XP level 11. HP: 68/68 MP: 16/20
 11834 | D:10     | Noticed an archer statue
 11836 | D:10     | Noticed an archer statue
 11945 | D:10     | Acquired Dithmenos's fourth power
 12108 | D:10     | Noticed Urug
 12115 | D:10     | Killed Urug
 12115 | D:10     | Reached skill level 10 in Short Blades
 12325 | D:11     | Found a frozen archway.
 12472 | IceCv    | Entered an ice cave
 12574 | IceCv    | Noticed an ice statue
 12574 | IceCv    | Noticed an ice statue
 12575 | IceCv    | Reached skill level 14 in Stealth
 13003 | IceCv    | Noticed an ice dragon
 13003 | IceCv    | Noticed an ice dragon
 13007 | IceCv    | Killed an ice dragon
 13010 | IceCv    | Killed an ice dragon
 13920 | D:11     | Noticed an unseen horror
 13928 | D:11     | Killed an unseen horror
 13935 | D:11     | Noticed a four-headed hydra
 13953 | D:11     | Killed a four-headed hydra
 14051 | D:11     | Found a staircase to the Lair.
 14053 | D:11     | Reached XP level 12. HP: 74/74 MP: 23/23
 14279 | D:11     | Reached skill level 15 in Stealth
 14522 | Lair:1   | Entered Level 1 of the Lair of Beasts
 14558 | Lair:1   | Got a scorched leather armour
 14562 | D:11     | Identified the +0 leather armour "Loaciv" {rElec Regen+} (You found it on level 1 of the Lair of Beasts)
 15054 | Lair:1   | Reached skill level 5 in Dodging
 15557 | Lair:2   | Reached skill level 1 in Fighting
 15848 | Lair:2   | Learned a level 3 spell: Regeneration
 15875 | Lair:2   | Learned a level 2 spell: Shroud of Golubria
 15942 | Lair:2   | Noticed a four-headed hydra
 15952 | Lair:2   | Killed a four-headed hydra
 15952 | Lair:2   | Reached skill level 1 in Charms
 16552 | Lair:2   | Identified a scroll of acquirement
 16722 | Lair:3   | Noticed a seven-headed hydra
 16741 | Lair:3   | Killed a seven-headed hydra
 17495 | Lair:4   | Reached skill level 16 in Stealth
 17784 | Lair:4   | Noticed a six-headed hydra
 17791 | Lair:4   | Killed a six-headed hydra
 17809 | Lair:4   | Found a staircase to the Shoals.
 18188 | Lair:4   | Noticed a catoblepas
 18188 | Lair:4   | Noticed a dire elephant
 18405 | Lair:4   | Found a shimmering altar of Xom.
 18521 | Lair:4   | Noticed a seven-headed hydra
 18551 | Lair:4   | Reached XP level 13. HP: 81/86 MP: 12/24
 18745 | Lair:4   | Killed a seven-headed hydra
 18992 | Lair:5   | Noticed Kirke
 19211 | Lair:5   | Killed Kirke
 19607 | Lair:5   | Got a shimmering leather armour
 19609 | Lair:5   | Identified the +2 leather armour of the Eternal Void {Slay+2} (You found it on level 5 of the Lair of Beasts)
 19705 | Lair:5   | Found a staircase to the Snake Pit.
 19731 | Lair:5   | Reached skill level 5 in Charms
 20590 | Lair:5   | Reached skill level 17 in Stealth
 21630 | Lair:6   | Reached skill level 5 in Fighting
 22327 | Lair:7   | Reached XP level 14. HP: 98/98 MP: 25/25
 22338 | Lair:7   | Noticed Maud
 22341 | Lair:7   | Killed Maud
 23709 | Lair:8   | Entered Level 8 of the Lair of Beasts
 23714 | Lair:8   | Learned a level 2 spell: Song of Slaying
 23955 | Lair:8   | Reached skill level 18 in Stealth
 24392 | Lair:8   | Reached skill level 1 in Invocations
 24841 | Lair:8   | Found a burning altar of Makhleb.
 24910 | Lair:8   | Identified a +0 rod of the swarm (12/12) (You found it on level 8 of the Lair of Beasts)
 25045 | Lair:8   | Upgraded the game from 0.17-a0-1562-g9b2c768 to 0.17-a0-1564-g7b572aa
 26884 | D:14     | Found Xauhoplyxt's Food Shop.
 26996 | D:14     | Found Ovifruxi's Distillery.
 26997 | D:14     | Found Keuwech's Weapon Boutique.
 27169 | D:14     | Bought 2 potions of haste for 280 gold pieces
 27169 | D:14     | Bought a potion of curing for 42 gold pieces
 27169 | D:14     | Bought a potion of heal wounds for 70 gold pieces
 27169 | D:14     | Bought a potion of curing for 42 gold pieces
 27285 | D:14     | Found Poblit's Assorted Antiques.
 27483 | D:14     | Found a gate to the Vaults.
 27484 | D:14     | Reached skill level 10 in Dodging
 27634 | D:14     | Reached XP level 15. HP: 108/108 MP: 26/26
 27698 | D:14     | Reached skill level 5 in Invocations
 28011 | Orc:1    | Entered Level 1 of the Orcish Mines
 28566 | Orc:1    | Found Weopnam's Antique Armour Boutique.
 28850 | Orc:2    | Noticed Sonja
 29031 | Orc:2    | Killed Sonja
 29185 | Orc:2    | Found a roughly hewn altar of Beogh.
 29452 | Orc:3    | Noticed FooOfBar's ghost (powerful DrFi)
 29485 | Orc:3    | Killed FooOfBar's ghost
 29521 | Orc:3    | Found a staircase to the Elven Halls.
 30173 | Orc:4    | Entered Level 4 of the Orcish Mines
 30253 | Orc:4    | Found Keodalogg's Distillery.
 30263 | Orc:4    | Bought a potion of experience for 650 gold pieces
 30263 | Orc:4    | Bought a potion of heal wounds for 65 gold pieces
 30263 | Orc:4    | Bought a potion of curing for 39 gold pieces
 30263 | Orc:4    | Reached skill level 19 in Stealth
 30263 | Orc:4    | Reached XP level 16. HP: 113/116 MP: 27/27
 31507 | Orc:4    | Reached skill level 1 in Translocations
 32117 | Orc:4    | Found Hougid's Food Shop.
 32117 | Orc:4    | Found Imolokuc's Magic Scroll Shop.
 32118 | Orc:4    | Found Eseprargho's Assorted Antiques.
 32118 | Orc:4    | Found Ocopom's Gadget Shop.
 32558 | D:15     | Entered Level 15 of the Dungeon
 32880 | D:15     | Found a staircase to the Depths.
 33550 | D:15     | Upgraded the game from 0.17-a0-1564-g7b572aa to 0.17-a0-1567-gdd419b1
 33761 | Snake:1  | Entered Level 1 of the Snake Pit
 33838 | Snake:1  | Got a pair of fine boots
 33839 | Snake:1  | Identified the +0 pair of boots of the Orange Skies {rPois Int+6 Dex-4} (You found it on level 1 of the Snake Pit)
 33853 | Snake:1  | Noticed Rupert
 33864 | Snake:1  | Killed Rupert
 33864 | Snake:1  | Reached skill level 20 in Stealth
 34018 | Snake:2  | Found a bloodstained altar of Trog.
 35151 | Snake:2  | Reached XP level 17. HP: 115/126 MP: 14/28
 36119 | Snake:3  | Noticed Aizul
 36176 | Snake:3  | Noticed Jorgrun
 36541 | Snake:3  | Reached skill level 21 in Stealth
 36614 | Snake:3  | Reached skill level 5 in Translocations
 37577 | Snake:3  | HP: 5/127 [greater naga/spear (2)]
 37584 | Snake:3  | HP: 4/127 [poisoned by a greater naga (splash of poison)]
 37594 | Snake:2  | HP: 5/127 [poisoned by a greater naga (splash of poison)]
 37602 | Snake:2  | HP: 6/127 [poisoned by a greater naga (splash of poison)]
 37936 | Snake:3  | Slain by a greater naga

Vault maps used:
D:1:      minmay_arrival_glassed_features
D:2:      lemuel_statue_altar
D:3:      first_bread, lightli_sewer_entry_pipes, nemelex_diamond_rough_becter
D:4:      grunt_temple_overflow_holy_war, grunt_temple_overflow_open,
          temple_fountains, serial_shops, shop
D:5:      uniq_pikel
D:6:      lemuel_upstairs_altar
D:7:      kennysheep_little_box, minmay_gold_behind_fungi
D:8:      minmay_four_partial_circles, enter_bailey_3, uniq_erica,
          uniq_prince_ribbit1, uniq_erolcha
D:9:      bloody_makhleb, orc_0_dummy, serial_shops, shop, basic_altar,
          grunt_livestock
D:10:     minmay_dual_archer_statues, uniq_urug, uniq_harold
D:11:     erik_lair_dragon, lab_entry_generic, portal_ice_cave_entry_imps,
          minmay_tree_intersection, st_stairs_14
D:14:     hangedman_vaults_entry_quadrant_bands, serial_shops,
          nicolae_shop_statue_plus, shop, shop_statue, shop
D:15:     gammafunk_enter_depths_forms, hangedman_abyss_or_decor_clamps,
          st_stairs_8
Lair:2:   nicolae_volcano_entry_hallway
Lair:3:   minivault_11, nicolae_lair_grove_arrangements
Lair:4:   gammafunk_lair_enchanted_lake, elwin_shoals_entry_rooms, minivault_24,
          lemuel_oklob_altar, lemuel_fruit_fields, grunt_megastairs_5,
          infiniplex_staircase_pool
Lair:5:   lemuel_slime, minmay_snake_entry_guardpost_medium,
          eino_small_chamber_without_monster, bh_autumn_forest_stairs,
          uniq_kirke
Lair:6:   beast_lair_carwin_8, grunt_megastairs_2
Lair:7:   minmay_slime_entry_oklob_enclosed, lemuel_fruit_tree, uniq_maud
Lair:8:   evil_forest
Snake:1:  uniq_rupert
Snake:2:  basic_altar
Snake:3:  nicolae_aizul_guard, spider_trap, serial_bayou_lake_a,
          serial_bayou_shore_b, uniq_aizul, uniq_jorgrun
Orc:1:    nicolae_orc_accident_1, serial_shops, shop
Orc:2:    mines2_david, uniq_sonja
Orc:3:    nicolae_orc_pool_cavern
Orc:4:    st_orc_pillars, serial_shops, shop
IceCv:    ice_cave_small_dragons

Action                   |  1- 3 |  4- 6 |  7- 9 | 10-12 | 13-15 | 16-18 || total
-------------------------+-------+-------+-------+-------+-------+-------++-------
Melee: Dagger            |   161 |   155 |   319 |   496 |       |       ||  1131
       Short sword       |       |    57 |       |       |       |       ||    57
       Rapier            |       |       |       |   237 |  1196 |   666 ||  2099
 Cast: Corona            |     3 |       |       |       |       |       ||     3
       Ensorcelled Hiber |    12 |    35 |    52 |   118 |   121 |    61 ||   399
       Confuse           |       |       |    20 |    56 |   124 |   109 ||   309
       Shroud of Golubri |       |       |       |       |     7 |     6 ||    13
       Song of Slaying   |       |       |       |       |     1 |       ||     1
       Regeneration      |       |       |       |       |       |     1 ||     1
Invok: Shadow Step       |       |       |       |       |     2 |    12 ||    14
Evoke: Wand              |       |       |       |    13 |     3 |     4 ||    20
       Rod               |       |       |       |       |     1 |       ||     1
  Use: Potion            |     7 |    11 |    14 |    37 |    29 |    10 ||   108
       Scroll            |       |     7 |     2 |    22 |     8 |    11 ||    50
 Stab: Sleeping          |     7 |    38 |    60 |   163 |   211 |   112 ||   591
       Confused          |       |       |    14 |    40 |    83 |    58 ||   195
       Distracted        |       |       |       |     7 |     9 |     8 ||    24
